 Dungeon Crawl Stone Soup version 0.30.0-19-g36f170ea60 (webtiles) character file.

Game seed: 11641601369746930241

17784 olmar the Protected (level 12, -35/110 HPs)
             Began as an Armataur Fighter on May 29, 2023.
             Was a High Priest of Wu Jian.
             Killed from afar by a lindwurm (45 damage)
             ... with a blast of flame
             ... summoned by Kirke
             ... on level 11 of the Dungeon on May 30, 2023.
             The game lasted 00:21:58 (14723 turns).

olmar the Protected (Armataur Fighter)             Turns: 14723, Time: 00:21:59

Health: -35/110    AC:  0    Str: 26    XL:     12   Next: 21%
Magic:  12/12      EV: 13    Int:  9    God:    Wu Jian [*****.]
Gold:   566        SH:  0    Dex: 10    Spells: 11/11 levels left

rFire   . . .        l - melded +1 flail (protect)
rCold   . . .        c - melded +0 buckler
rNeg    . . .        S - melded +1 plate armour {rC+}
rPois   .            E - melded +0 helmet
rElec   .            (cloak currently unavailable)
rCorr   .            C - melded +1 pair of gloves
SInv    .            (no barding)
Will    .....        (no amulet)
Stlth   +            A - melded +5 ring of evasion
HPRegen 0.38/turn    J - melded +6 ring of strength
MPRegen 0.13/turn

%: roll
@: pig-form, spiked, slowed, studying Long Blades
A: fast, no casting, small, rugged brown scales 3, (deformed body), (armoured
tail), roll, long tongue, awkward tongue
a: Renounce Religion, Wall Jump, Serpent's Lash, Heavenly Storm


You were on level 11 of the Dungeon.
You worshipped Wu Jian.
Wu Jian was extremely pleased with you.
You were a filthy swine.
You visited 1 branch of the dungeon, and saw 12 of its levels.
You also visited: Sewer.

You collected 566 gold pieces.

Inventory:

Hand Weapons
 l - a +1 flail of protection (melded)
 D - a +3 mace of protection
Missiles
 v - 2 curare-tipped darts (quivered)
 Q - a throwing net
Armour
 c - a +0 buckler (melded)
 n - a +0 chain mail
 B - a +1 hat
 C - a +1 pair of gloves (melded)
 E - a +0 helmet (melded)
 N - a +0 plate armour
 S - a +1 plate armour of cold resistance (melded)
Jewellery
 q - a +6 ring of intelligence
 A - a +5 ring of evasion (melded)
 J - a +6 ring of strength (melded)
 L - a +5 ring of evasion
Wands
 a - a wand of mindburst (22)
 m - a wand of flame (87)
 u - a wand of polymorph (13)
 P - a wand of paralysis (5)
Scrolls
 f - 5 scrolls of teleportation
 g - a scroll of acquirement {unknown}
 h - 3 scrolls of enchant weapon
 j - 4 scrolls of enchant armour
 o - 3 scrolls of fear
 s - 4 scrolls of immolation
 y - 2 scrolls of magic mapping
 H - a scroll of noise
 I - 2 scrolls of blinking
 O - a scroll of silence
 R - a scroll of amnesia
Potions
 b - a potion of ambrosia
 d - 2 potions of haste
 e - 3 potions of mutation {unknown}
 i - a potion of lignification {unknown}
 k - a potion of brilliance
 r - a potion of flight
 t - 5 potions of attraction
 x - 6 potions of cancellation {unknown}
 z - a potion of might
 G - 2 potions of degeneration {unknown}
 K - 2 potions of curing
 M - 2 potions of berserk rage {unknown}
Miscellaneous
 T - a piece from Xom's chessboard (10/15)


   Skills:
 + Level 8.5 Fighting
 + Level 12.2 Maces & Flails
 + Level 13.0 Armour
 - Level 0.8 Dodging
 - Level 0.2 Stealth
 + Level 8.3 Shields
 + Level 1.6 Evocations


You had 11 spell levels left.
You didn't know any spells.
Your spell library contained the following spells:

 Spells                   Type           Power      Damage    Failure   Level
 Magic Dart               Conj           0%         1d3       38%         1
 Searing Ray              Conj           0%         2d4       52%         2
 Sublimation of Blood     Necr           0%         N/A       52%         2
 Gell's Gravitas          Tloc           0%         N/A       77%         3
 Inner Flame              Hex/Fire       0%         N/A       77%         3
 Stone Arrow              Conj/Erth      0%         3d7       77%         3
 Teleport Other           Tloc           0%         N/A       77%         3
 Animate Armour           Summ/Erth      0%         N/A       99%         4
 Animate Dead             Necr           0%         N/A       99%         4
 Flame Wave               Conj/Fire      0%         2d4       99%         4
 Fulminant Prism          Conj/Hex       0%         3d5       99%         4
 Petrify                  Tmut/Erth      0%         N/A       99%         4
 Sticky Flame             Conj/Fire      0%         2d3       99%         4
 Borgnjor's Vile Clutch   Necr/Erth      0%         N/A       100%        5
 Irradiate                Conj/Tmut      0%         3d11      100%        5
 Death Channel            Necr           0%         N/A       100%        6
 Dispersal                Tloc           0%         N/A       100%        6
 Lehudib's Crystal Spear  Conj/Erth      0%         10d2      100%        8


Dungeon Overview and Level Annotations

Branches:
Dungeon (12/15)            Temple (0/1) D:4            Lair (0/5) D:11
    Orc (0/2) D:11          Sewer (visited)

Altars:
Ashenzari
Makhleb
Qazlal
Vehumet
Wu Jian
Xom
Yredelemnul

Shops:
D:5 (

Annotations:
D:4 3 runed translucent doors, Sabo's ghost, novice DsBe
D:11 Kirke


Innate Abilities, Weirdness & Mutations

You are a filthy swine.
You move quickly.
Your equipment is almost entirely melded.
You are incapable of wielding weapons or throwing items.
You cannot cast spells.
(You are completely covered in rugged brown scales. (AC +3, +7% HP))
((Armour fits poorly on your strangely shaped body.))
((You have a long armoured tail.))
You roll when moving toward enemies. (Rampage)
Your long tongue fully drains potion bottles. (2x potion effects)
Your tongue gives you trouble enunciating. (1.5x scroll delay)


Message History

Aiming: Throw Flame
Press: ? - help, Shift-Dir - straight line, f - Kirke
Aim: Kirke (severely wounded, misshapen and mutated, 71% to hit)
The puff of flame hits Kirke.
Kirke is severely wounded.
Kirke mumbles some strange words.
Kirke flickers and vanishes!
Deactivating autopickup; reactivate with Ctrl-A.
Unknown command.
Aiming: Throw Flame
Press: ? - help, Shift-Dir - straight line, f - you Something hits you!
* * * LOW HITPOINT WARNING * * *
Something hits you!
* * * LOW HITPOINT WARNING * * *
Unknown command.
Save game and exit?
Level annotation: Kirke Welcome back, olmar the Armataur Fighter.
The Council says: Follow the path of wisdom and battle!
Press ? for a list of commands and other information.
You hear some strange, mumbled words.
Nothing appears to happen.
You hear some strange, mumbled words.
Something summons a lindwurm!
Save game and exit?
Level annotation: Kirke Welcome back, olmar the Armataur Fighter.
The Council says: Follow the path of wisdom and battle!
Press ? for a list of commands and other information.
You hear some strange, mumbled words.
Deactivating autopickup; reactivate with Ctrl-A.
You feel a momentary urge to oink.
The manticore flicks its tail.
The volley of spikes hits you!
The barbed spikes become lodged in your body.
* * * LOW HITPOINT WARNING * * *
The lindwurm breathes flames at you. The blast of flame hits you!!!
You die...

.#......#.#.............).#....#.
.#####..###............>..#..##..
.# #...###............).####...
## ###..######.......###.## ##..
#.......##...k....###..# ##.
##......#..H...........# ##
######....#...#.......##
##..###.##........#
#...##h.#......###
#.......###.....# #.......#
##...## #####>..# ##.## ##.## ###
###


You could see a manticore (summoned) and a lindwurm (summoned, catching breath).

Vanquished Creatures
  Snorg (D:10)
  Josephine (D:10)
  Erica (D:9)
  Nergalle (D:10)
  Pikel (D:5)
  A cyclops (D:10)
  An ugly thing (D:11)
  Joseph (D:8)
  An unseen horror (D:9)
  A rime drake (D:11)
  Maggie (D:7)
  A kobold demonologist (D:8)
  A troll (D:10)
  Prince Ribbit (D:6)
  A shadow (D:11)
  4 wraiths (D:10)
  Sigmund (D:6)
  A wyvern (D:10)
  21 yaks
  A yak (shapeshifter) (D:10)
  A basilisk (D:11)
  A hog (D:11)
  2 steam dragons
  7 wargs (D:11)
  Edmund (D:5)
  A water moccasin (D:7)
  Duvessa (D:5)
  A sky beast (D:7)
  10 orc warriors
  6 ice beasts
  A black bear (D:6)
  3 ogres
  4 wolves
  6 centaurs
  A phantom (D:7)
  7 kobold brigands
  Blork the orc (D:6)
  3 bullfrogs
  2 gnoll sergeants (D:11)
  6 scorpions
  14 wights
  Dowan (D:5)
  14 killer bees
  An electric eel (D:11)
  5 hounds
  2 jellies
  6 orc priests
  A sleepcap (D:3)
  3 iguanas
  11 orc wizards
  Robin (D:3)
  11 adders
  13 gnolls
  A shadow imp (D:5)
  A worm (D:5)
  A dart slug (D:4)
  33 orcs
  10 bats
  8 endoplasms
  3 giant cockroaches (D:2)
  9 hobgoblins
  12 jackals
  28 kobolds
  6 quokkas
  4 ball pythons (Sewer)
  3 frilled lizards (D:2)
  12 goblins
  7 rats
329 creatures vanquished.

Vanquished Creatures (others)
  2 orc wizards
2 creatures vanquished.

Grand Total: 331 creatures vanquished

Notes
Turn   | Place    | Note
-------+----------+-------------------------------------------
     0 | D:1      | olmar the Armataur Fighter began the quest for the Orb.
     0 | D:1      | Reached XP level 1. HP: 19/19 MP: 1/1
    94 | D:1      | Reached skill level 4 in Armour
    94 | D:1      | Reached XP level 2. HP: 16/26 MP: 2/2
   572 | D:1      | Reached XP level 3. HP: 30/33 MP: 3/3
   888 | D:2      | Found an ornate altar of the Wu Jian Council.
   896 | D:2      | Became a worshipper of the Wu Jian Council
   955 | D:2      | Reached XP level 4. HP: 14/40 MP: 4/4
  1522 | D:3      | Reached XP level 5. HP: 28/48 MP: 5/5
  1728 | D:3      | You fall into a shaft and drop 1 floor!
  1806 | D:4      | Found a broken altar of Ashenzari.
  1959 | D:4      | Reached skill level 5 in Armour
  2133 | D:4      | Found a shimmering altar of Xom.
  2163 | D:4      | Found a runed translucent gate.
  2164 | D:4      | Found a runed translucent gate.
  2164 | D:4      | Identified the +1 leather armour "Xucsopu" {Will- Str+3
                  | Dex+5}
  2164 | D:4      | Noticed Sabo's ghost (novice DsBe)
  2253 | D:4      | Reached XP level 6. HP: 13/54 MP: 6/6
  2486 | D:4      | Found a radiant altar of Vehumet.
  2529 | D:4      | Found a staircase to the Ecumenical Temple.
  2662 | D:4      | Found a runed translucent gate.
  2665 | D:4      | Identified the +9 plate armour "Atoym" {Will- MP+9 Int+3}
  2665 | D:4      | Noticed an orc warrior
  2817 | D:4      | Found a basalt altar of Yredelemnul.
  3027 | D:5      | Entered Level 5 of the Dungeon
  3027 | D:5      | Noticed Duvessa
  3028 | D:5      | Noticed Dowan
  3037 | D:4      | Reached * piety under Wu Jian
  3045 | D:5      | Noticed Pikel
  3073 | D:5      | Killed Duvessa
  3082 | D:5      | Killed Pikel
  3083 | D:5      | Reached skill level 5 in Maces & Flails
  3083 | D:5      | Reached skill level 6 in Armour
  3083 | D:5      | Reached XP level 7. HP: 61/64 MP: 7/7
  3101 | D:5      | Killed Dowan
  3102 | D:5      | Reached XP level 8. HP: 54/71 MP: 8/8
  3227 | D:5      | Found Rukhlof's Weapon Shoppe.
  3309 | D:5      | Noticed Edmund
  3340 | D:5      | Killed Edmund
  3341 | D:5      | Reached skill level 7 in Armour
  3370 | D:5      | Reached skill level 5 in Shields
  3453 | D:5      | Found a glowing drain.
  3457 | Sewer    | Entered a sewer
  3607 | Sewer    | Reached ** piety under Wu Jian
  3766 | Sewer    | Reached skill level 5 in Fighting
  4187 | D:3      | Noticed Robin
  4197 | D:3      | Killed Robin
  4653 | D:3      | Found a burning altar of Makhleb.
  4653 | D:3      | Noticed a blizzard demon
  5371 | D:6      | Noticed Sigmund
  5389 | D:6      | Killed Sigmund
  5390 | D:6      | Reached XP level 9. HP: 59/79 MP: 9/9
  5497 | D:6      | Reached skill level 8 in Armour
  5870 | D:6      | Noticed Blork the orc
  5986 | D:6      | Noticed Prince Ribbit
  5997 | D:6      | Killed Prince Ribbit
  6241 | D:6      | Killed Blork the orc
  6693 | D:6      | Reached skill level 9 in Armour
  7484 | D:7      | Reached *** piety under Wu Jian
  7716 | D:7      | Noticed Maggie
  7726 | D:7      | Killed Maggie
  7727 | D:7      | Reached XP level 10. HP: 82/88 MP: 10/10
  7751 | D:7      | Found a stormy altar of Qazlal.
  8809 | D:8      | Noticed a smoke demon
  8816 | D:8      | Reached skill level 10 in Armour
  9314 | D:8      | Noticed Joseph
  9332 | D:8      | Killed Joseph
  9941 | D:9      | Reached skill level 10 in Maces & Flails
 10637 | D:9      | Noticed Erica
 10642 | D:9      | Reached **** piety under Wu Jian
 10648 | D:9      | Killed Erica
 10649 | D:9      | Reached skill level 11 in Armour
 10649 | D:9      | Reached XP level 11. HP: 46/98 MP: 11/11
 11498 | D:10     | Entered Level 10 of the Dungeon
 11668 | D:10     | Noticed Josephine
 11678 | D:10     | Killed Josephine
 11679 | D:10     | Reached skill level 1 in Evocations
 11737 | D:10     | Identified the +0 hand axe of Nathrory {venom, Stlth+}
 12006 | D:10     | Noticed Nergalle
 12016 | D:10     | Killed Nergalle
 12111 | D:10     | Noticed Snorg
 12126 | D:10     | HP: 5/100 [Snorg (23)]
 12137 | D:10     | Killed Snorg
 12138 | D:10     | Reached skill level 12 in Armour
 12945 | D:11     | Found a staircase to the Orcish Mines.
 13571 | D:11     | Reached ***** piety under Wu Jian
 13572 | D:11     | Reached XP level 12. HP: 65/109 MP: 12/12
 13578 | D:11     | Found a staircase to the Lair.
 14026 | D:11     | Identified the +5 quarterstaff "Tujesed" {heavy, Will+}
 14459 | D:12     | Noticed a boulder beetle
 14585 | D:12     | Noticed Kirke
 14623 | D:12     | Noticed a sphinx
 14683 | D:11     | Reached skill level 13 in Armour
 14723 | D:11     | Killed from afar by a lindwurm

Illustrated notes

Levels and vault maps discovered:
D:1:      dpeg_arrival_simpleton_b, layout_loops_ring
D:2:      layout_basic, basic_altar
D:3:      layout_basic, makhleb_altar_promises_db,
          chequers_serial_rivers_micro_a, minmay_misc_feat_room, uniq_robin
D:4:      layout_basic, old_standard_altar, mainiacjoe_overflow_big_doors,
          amcnicky_altar_gilded, minmay_temple_entry_glassed_door,
          biasface_ghost_orc_armoury
D:5:      layout_basic, serial_shops, nicolae_take_the_stairs,
          gup_sewer_entry_bowl, uniq_pikel, uniq_duvessa, uniq_edmund
D:6:      layout_layer_cave, uniq_blork_the_orc, uniq_sigmund,
          uniq_prince_ribbit1
D:7:      layout_basic, nicolae_qazlal_beasts_of_the_sky, serial_corexii_hall,
          corexii_hall_statues_s, chequers_hall_statues_corner_a, uniq_maggie
D:8:      layout_basic, serial_corexii_hall, corexii_hall_statues_t,
          chequers_hall_statues_wall_a, uniq_joseph
D:9:      layout_cave_pods, uniq_erica
D:10:     layout_cave_pods, due_unseen_surprise, uniq_nergalle, uniq_snorg,
          uniq_josephine
D:11:     layout_cave_pools, hellmonk_lair_entry_icy,
          minmay_orc_entry_guard_dogs, nooodl_orcs_dogs
D:12:     layout_roguey, uniq_kirke, uniq_azrael

Skill      XL: |  1  2  3  4  5  6  7  8  9 10 11 12 |
---------------+-------------------------------------+-----
Armour         | 4 5 6 7 9 11 12 13 | 13.0
Fighting       | 3 4 5 6 7 8 |  8.5
Maces & Flails | 2 3 5 7 9 10 11 12 | 12.2
Shields        | 4 5 6 8 |  8.3
Evocations     | 1 |  1.6
Dodging        | |  0.8
Stealth        | |  0.2

Action                     |  1- 3 |  4- 6 |  7- 9 | 10-12 || total
---------------------------+-------+-------+-------+-------++-------
  Melee: Flail             |   103 |   183 |   422 |   744 ||  1452
         Tailslap          |    13 |    30 |    50 |   115 ||   208
         Unarmed           |       |       |       |    29 ||    29
  Throw: Throwing net      |       |     4 |     1 |       ||     5
         Dart              |       |       |       |     4 ||     4
 Invoke: Serpent's Lash    |       |       |       |     1 ||     1
Ability: Whirlwind         |       |     1 |    54 |    58 ||   113
         Wall Jump         |       |       |     1 |       ||     1
  Evoke: Wand              |       |       |     3 |    17 ||    20
         Piece from Xom's  |       |       |       |     5 ||     5
    Use: Potion            |     2 |     7 |     1 |     9 ||    19
         Scroll            |     1 |    10 |     5 |     4 ||    20
   Stab: Held in net/web   |       |     1 |       |       ||     1
 Armour: Scale mail        |    89 |    89 |   108 |       ||   286
         Chain mail        |       |       |   123 |   267 ||   390
         Plate armour      |       |       |       |   217 ||   217
  Dodge: Dodged            |    44 |    69 |   179 |   488 ||   780
  Block: Buckler           |    45 |    40 |   101 |   207 ||   393
